 Seeded DCSS version 0.30-b1-7-gcb88a99046 (webtiles) character file.

Game seed: 1973 (custom seed)

114 Kazon the Conjurer (level 4, -2/42 HPs)
             Began as an Ogre Conjurer on May 5, 2023.
             Killed from afar by a white imp (12 damage)
             ... with a puff of frost
             ... on level 6 of the Dungeon.
             The game lasted 00:10:46 (2391 turns).

Kazon the Conjurer (Ogre Conjurer)                  Turns: 2391, Time: 00:10:47

Health: -2/42      AC:  3    Str: 13    XL:     4   Next: 98%
Magic:  5/8        EV:  9    Int: 25    God:
Gold:   85         SH:  0    Dex:  7    Spells: 2/8 levels left

rFire   . . .        f - +0 whip
rCold   . . .        (no shield)
rNeg    . . .        a - +0 robe
rPois   .            (helmet restricted)
rElec   .            (no cloak)
rCorr   .            (gloves unavailable)
SInv    .            (boots unavailable)
Will    .....        (no amulet)
Stlth   +            q - +6 ring of intelligence
HPRegen 0.27/turn    (no ring)
MPRegen 0.11/turn

%: no passive effects
@: no status effects
A: large, unfitting armour, tough skin 1
a: no special abilities


You were on level 6 of the Dungeon.
You visited 1 branch of the dungeon, and saw 5 of its levels.

You collected 85 gold pieces.

Inventory:

Hand Weapons
 f - a +0 whip (weapon)
Missiles
 i - 4 large rocks
 j - 26 stones
 m - 6 boomerangs
Armour
 a - a +0 robe (worn)
Jewellery
 q - a +6 ring of intelligence (left hand)
Scrolls
 d - 3 scrolls of teleportation {unknown}
 g - a scroll of immolation {unknown}
 h - 5 scrolls of identify {unknown}
 k - a scroll of poison {unknown}
 l - a scroll of amnesia {unknown}
 n - a scroll of blinking {unknown}
 p - a scroll of vulnerability {unknown}
 r - 2 scrolls of silence {unknown}
Potions
 b - 3 potions of magic
 c - 2 potions of curing {unknown}
 e - a potion of mutation {unknown}
 o - a potion of degeneration {unknown}
 s - a potion of lignification {unknown}


   Skills:
 + Level 1.9 Fighting
 + Level 1.7 Maces & Flails
 + Level 0.4 Throwing
 + Level 2.2 Dodging
 + Level 1.7 Stealth
 + Level 2.9 Spellcasting
 + Level 4.2 Conjurations


You had 2 spell levels left.
You knew the following spells:

 Your Spells              Type           Power      Damage    Failure   Level
a - Magic Dart            Conj           96%        1d7       1%          1
b - Searing Ray           Conj           48%        2d6       2%          2
c - Beastly Appendage     Tmut           8%         N/A       10%         1
d - Wereblood             Tmut           4%         N/A       16%         2

Your spell library contained the following spells:

 Spells                   Type           Power      Damage    Failure   Level
 Cigotuvi's Dreadful Rot  Necr/Pois/Air  6%         N/A       16%         2
 Dazzling Flash           Conj/Hex       28%        N/A       13%         3
 Ignite Poison            Fire/Tmut/Pois 3%         N/A       30%         3
 Spider Form              Tmut/Pois      3%         N/A       30%         3
 Fulminant Prism          Conj/Hex       7%         3d7       38%         4
 Iskenderun's Mystic Bla  Conj/Tloc      14%        2d5       38%         4
 Anguish                  Hex/Necr       1%         N/A       71%         4
 Cause Fear               Hex            1%         N/A       71%         4
 Freezing Cloud           Conj/Ice/Air   5%         6-21      85%         5
 Enfeeble                 Hex            1%         N/A       100%        7


Dungeon Overview and Level Annotations

Branches:
Dungeon (4/15)
 Temple: D:4-7

Altars:


Innate Abilities, Weirdness & Mutations

You are too large for most types of armour.
You have tough skin. (AC +1)


Message History

The hound completely misses you.
You hit the hound.
You kill the hound!
Found a scroll labelled ZAUMAZXESTRI.
r - 2 scrolls labelled ZAUMAZXESTRI (gained 1)
A giant cockroach comes into view.
Aiming: Magic Dart (safe; 1% risk of failure)
Press: ? - help, Q - select action, (/) - cycle Shift-Dir - straight line, f - giant cockroach
Aim: a giant cockroach (100% to hit)
The magic dart hits the giant cockroach.
You kill the giant cockroach!
Unknown command.
Found 3 stones.
A quokka and a goblin come into view.
A sourceless malevolence fills the Dungeon...
You fall into a shaft and drop 2 floors!
The shaft crumbles and collapses.
Found 6 stones, a leather armour, a scale mail and a whip.
A white imp comes into view.
Aiming: Magic Dart (safe; 1% risk of failure)
Press: ? - help, Q - select action, (/) - cycle Shift-Dir - straight line, f - white imp
Aim: a white imp (100% to hit)
The magic dart hits the white imp but does no damage.
Unknown command.
Aiming: Magic Dart (safe; 1% risk of failure)
Press: ? - help, Q - select action, (/) - cycle Shift-Dir - straight line, f/p - white imp
Aim: a white imp (100% to hit)
The magic dart hits the white imp.
The white imp is moderately wounded.
The white imp gestures at you. The puff of frost hits you.
* * * LOW HITPOINT WARNING * * *
Aiming: Magic Dart (safe; 1% risk of failure)
Press: ? - help, Q - select action, (/) - cycle Shift-Dir - straight line, f/p - white imp
Aim: a white imp (moderately wounded, 100% to hit)
The magic dart hits the white imp but does no damage.
The white imp is moderately wounded.
The white imp gestures at you. The puff of frost hits you!
You die...

######.....
.........
#.......#
#.......#
#.......####
#......)....
#[..........
#...@....[..
#.......(...
#...........
###.........
#.........
..#+##.5..
.... ....
#.... ...
#..... #.


You could see a white imp.

Vanquished Creatures
  A hound (D:4)
  2 adders (D:2)
  2 dart slugs (D:1)
  7 orcs
  3 ball pythons
  3 bats
  2 endoplasms
  6 giant cockroaches
  7 hobgoblins
  6 jackals
  6 frilled lizards
  3 goblins
  2 kobolds (D:1)
  3 rats
53 creatures vanquished.

Notes
Turn   | Place    | Note
-------+----------+-------------------------------------------
     0 | D:1      | Kazon the Ogre Conjurer began the quest for the Orb.
     0 | D:1      | Reached XP level 1. HP: 16/16 MP: 3/3
   294 | D:1      | Reached XP level 2. HP: 23/24 MP: 3/5
   384 | D:1      | Reached skill level 4 in Conjurations
   592 | D:1      | Reached XP level 3. HP: 27/31 MP: 1/6
   679 | D:1      | Reached skill level 1 in Maces & Flails
  1103 | D:2      | Reached skill level 1 in Fighting
  1157 | D:2      | Learned a level 2 spell: Searing Ray
  1159 | D:2      | Learned a level 1 spell: Beastly Appendage
  1162 | D:2      | Learned a level 2 spell: Wereblood
  1442 | D:2      | Reached XP level 4. HP: 29/41 MP: 8/8
  2385 | D:4      | You fall into a shaft and drop 2 floors!
  2391 | D:6      | Killed from afar by a white imp

Illustrated notes

Levels and vault maps discovered:
D:1:      co_arrival_random_square_maze, layout_loops_ring
D:2:      layout_basic
D:3:      layout_basic
D:4:      layout_basic, fiery_altar_vehumet, minmay_temple_entry_poolview,
          nicolae_ossuary_entry_false_entrances, uniq_edmund
D:6:      kennysheep_big_flooded_room, layout_basic

Skill      XL: |  1  2  3 |
---------------+----------+-----
Conjurations   | 4 |  4.2
Maces & Flails | 1 |  1.7
Fighting       | 1 |  1.9
Dodging        | 2 |  2.2
Throwing       | |  0.4
Stealth        | |  1.7
Spellcasting   | |  2.9

Action                     |  1- 3 |  4- 6 || total
---------------------------+-------+-------++-------
  Melee: Unarmed           |    10 |       ||    10
         Whip              |   115 |    69 ||   184
         Punch             |     1 |       ||     1
         Headbutt          |       |     2 ||     2
         Kick              |       |     1 ||     1
  Throw: Stone             |    20 |     3 ||    23
   Cast: Magic Dart        |    34 |    26 ||    60
         Beastly Appendage |       |     2 ||     2
   Stab: Sleeping          |     1 |     1 ||     2
 Armour: Robe              |    42 |    21 ||    63
  Dodge: Dodged            |    79 |    35 ||   114
